 Dungeon Crawl Stone Soup version 0.32-a0-861-g165e151e72 (webtiles) character file.

Game seed: 17369812189733754103

98 Ajdolov the Trooper (level 4, -9/42 HPs)
             Began as a Ghoul Hunter on Mar 28, 2024.
             Mangled by Terence
             ... wielding a +2 flail of holy wrath
              (12 damage)
             ... on level 3 of the Dungeon.
             The game lasted 00:02:42 (1567 turns).

Ajdolov the Trooper (Ghoul Hunter)                  Turns: 1567, Time: 00:02:43

Health: -9/42      AC:  4    Str: 14    XL:     4   Next: 71%
Magic:  4/4        EV:  0    Int:  8    God:
Gold:   166        SH:  0    Dex: 14    Spells: 3/3 levels left

rFire   . . .        a - +0 shortbow
rCold   + . .        (shield currently unavailable)
rNeg    + + +        c - +0 leather armour
rPois   ∞            o - +0 helmet
rElec   .            (no cloak)
rCorr   .            (no gloves)
SInv    .            (no boots)
Will    .....        e - amulet of regeneration
Stlth   +            (no ring)
HPRegen 0.00/turn    (no ring)
MPRegen 0.09/turn

%: no passive effects
@: inhibited regen, constricted
A: claws 1, cold resistance 1, negative energy resistance 3, inhibited
regeneration, torment resistance 2, devour on kill
a: no special abilities


You were on level 3 of the Dungeon.
You visited 1 branch of the dungeon, and saw 3 of its levels.

You collected 166 gold pieces.

Inventory:

Hand Weapons
 a - a +0 shortbow (weapon)
Armour
 c - a +0 leather armour (worn)
 o - a +0 helmet (worn)
Jewellery
 e - an amulet of regeneration (around neck)
 n - a ring of ice
Scrolls
 b - a scroll of butterflies
 g - 2 scrolls of blinking {unknown}
 i - 2 scrolls of vulnerability {unknown}
 k - 2 scrolls of identify {unknown}
 l - a scroll of torment {unknown}
 m - a scroll of poison {unknown}
Potions
 d - a potion of curing {unknown}
 f - 2 potions of enlightenment {unknown}
 h - a potion of brilliance {unknown}
 j - 3 potions of lignification {unknown}


   Skills:
 - Level 5.0 Fighting
 + Level 3.8 Ranged Weapons
 - Level 1.7 Dodging
 - Level 1.1 Stealth


You had 3 spell levels left.
You didn't know any spells.
Your spell library contained the following spells:

 Spells                   Type           Power      Damage    Failure   Level
 Kiss of Death            Conj/Necr      0%         2d5       50%         1
 Confusing Touch          Hex            0%         N/A       86%         3
 Dispel Undead            Necr           0%         3d6       99%         4
 Dispersal                Tloc           0%         N/A       100%        6
 Gell's Gavotte           Tloc           0%         2d(11-16) 100%        6
 Manifold Assault         Tloc           0%         N/A       100%        7
 Disjunction              Tloc           0%         N/A       100%        8


Dungeon Overview and Level Annotations

Branches:
Dungeon (3/15)

Altars:
Makhleb

Annotations:
D:3 Terence


Innate Abilities, Weirdness & Mutations

You are immune to poison.
You have sharp fingernails.
Your flesh is cold resistant. (rC+)
You are immune to negative energy. (rN+++)
You do not regenerate when monsters are visible.
You are immune to unholy pain and torment.
You thrive by killing the living.


Message History

A ball python comes into view.
The ball python hisses angrily.
The ball python barely misses you. The ball python misses you.
There is a stone staircase leading up here.
You shoot an arrow.
The arrow completely misses the ball python.
The ball python bites you. The ball python closely misses you.
The ball python grabs you.
You stop ascending the stairs.
The ball python constricts you. The ball python bites you.
The ball python constricts you.
Unknown command.
You shoot an arrow.
The arrow closely misses the ball python.
The ball python bites you but does no damage.
The ball python constricts you. Terence completely misses you.
Unknown command.
You shoot an arrow.
The arrow closely misses the ball python.
The ball python bites you but does no damage.
The ball python constricts you.
Terence hits you with a +2 flail of holy wrath!
You convulse!
The ball python bites you but does no damage.
The ball python constricts you.
You escape the ball python's grasp.
Terence attacks as he pursues you! Terence misses you.
Okay, then.
Okay, then.
Found 8 gold pieces.
Terence attacks as he pursues you! Terence barely misses you.
The ball python attacks as it pursues you!
The ball python bites you but does no damage.
The ball python grabs you. The ball python constricts you.
* * * LOW HITPOINT WARNING * * *
The ball python's grasp on you weakens, but your attempt to escape fails.
Terence hits you with a +2 flail of holy wrath!
* * * LOW HITPOINT WARNING * * *
You convulse!
You die...
Terence says, "Rest in peace."

#.#..## #. .#...#
#$ ....... .##.#
...# ..#.# ..#
#.#.# #)# #.#.#
#.# #.#.## #.#
#@...# #@#
##@S..###.#
##.......#.#
#..........#
##........###
##.#####.......###
#......<.......#
##.###........##
##.....#.#


You could see Terence and a ball python.

Vanquished Creatures
  A sleepcap (D:3)
  3 adders (D:2)
  2 dart slugs
  4 endoplasms
  2 hobgoblins (D:2)
  7 kobolds
  3 quokkas
  7 ball pythons
  3 bats
  4 frilled lizards
  3 goblins
  5 rats
44 creatures vanquished.

Notes
Turn   | Place    | Note
-------+----------+-------------------------------------------
     0 | D:1      | Ajdolov the Ghoul Hunter began the quest for the Orb.
     0 | D:1      | Reached XP level 1. HP: 17/17 MP: 1/1
   116 | D:1      | Reached XP level 2. HP: 25/25 MP: 2/2
   120 | D:1      | Reached skill level 3 in Fighting
   699 | D:2      | Found a burning altar of Makhleb.
   758 | D:2      | Reached XP level 3. HP: 33/33 MP: 3/3
   845 | D:2      | Reached skill level 4 in Fighting
  1001 | D:2      | Reached XP level 4. HP: 6/41 MP: 4/4
  1213 | D:3      | Noticed Terence
  1388 | D:3      | Reached skill level 5 in Fighting
  1567 | D:3      | Mangled by Terence

Illustrated notes

Levels and vault maps discovered:
D:1:      nzn_arrival_settlement, layout_basic
D:2:      layout_rooms, basic_altar, kennysheep_decorative_pillar,
          grunt_ministairs_13, nrook_mini_backslash
D:3:      layout_loops_ring, st_stairs_3, uniq_terence

Skill      XL: |  1  2  3  4 |
---------------+-------------+-----
Fighting       | 3 4 5 |  5.0
Ranged Weapons | |  3.8
Dodging        | |  1.7
Stealth        | |  1.1

Action                     |  1- 3 |  4- 6 || total
---------------------------+-------+-------++-------
   Fire: Shortbow          |   124 |    51 ||   175
 Armour: Leather armour    |    45 |    25 ||    70
  Dodge: Dodged            |    41 |    16 ||    57

Table legend: (Time is in decaauts)
 A = Elapsed time spent in this place.
 B = Non-inter-level travel time spent in this place.
 C = Inter-level travel time spent in this place.
 D = Time resting spent in this place.
 E = Time spent auto-exploring this place.
 F = Levels seen in this place.
 G = Mean time per level.
                   A        B        C        D        E       F      G
               +--------+--------+--------+--------+--------+-----+--------+
         Total |   1611 |   1555 |     56 |      0 |   1164 |   3 |  537.0 |
       Dungeon |   1611 |   1555 |     56 |      0 |   1164 |   3 |  537.0 |
               +--------+--------+--------+--------+--------+-----+--------+

Top non-repeatable levels by time:
     D:1: 669 daAuts
     D:2: 586 daAuts
     D:3: 356 daAuts
